PIO (24 & UNDER)
EAU CLAIRE ESQUIRES @ JASPER COUGARS
08/20/2029
 
TOP OF THE 1ST
Eau Claire Esquires batting - Pitching for Jasper Cougars : RHP Bret Hendricks
Pitching: RHP Bret Hendricks
Batting: RHB Jason Smith 0-0: DOUBLE (Line Drive, 89D)
Batting: RHB Art Cornell 0-0: Called Strike
0-1: Swinging Strike
0-2: SINGLE (Groundball, 4MD)
Jason Smith to third
Runner from 3rd tries for Home, SAFE, no throw
Batting: RHB Gary Roberts 0-0: Ball
1-0: Called Strike
Art Cornell steals 2nd base
1-1: Ball
Art Cornell steals 3rd base
2-1: Ground out 5-3 (Groundball, 56)
Art Cornell scores
Batting: LHB Steve Arnold 0-0: Foul Ball, location: 2F
0-1: Swinging Strike
0-2: SOLO HOME RUN (Flyball, 9LD), Distance : 332 ft
Batting: RHB Luis Cherena 0-0: Called Strike
0-1: Swinging Strike
0-2: Ball
1-2: Ball
2-2: Ball
3-2: Foul Ball, location: 2F
3-2: Base on Balls
Batting: RHB Jonathan Jackson 0-0: Called Strike
0-1: DOUBLE (Flyball, 8LD)
Luis Cherena to third
Batting: RHB Vincente Ramírez 0-0: Foul Ball, location: 2F
0-1: Ball
1-1: Ball
2-1: Ground out 1-3 (Groundball, 13)
Batting: RHB Matt Cole 0-0: Ball
1-0: Foul Ball, location: 2F
1-1: Foul Ball, location: 2F
1-2: 3-RUN HOME RUN (Flyball, 7LD), Distance : 317 ft
Batting: RHB Nick McIntyre 0-0: Called Strike
0-1: Fly out, F8 (Flyball, 89D)
Top of the 1st over - 6 runs, 5 hits, 0 errors, 0 left on base; Eau Claire 6 - Jasper 0
BOTTOM OF THE 1ST
Jasper Cougars batting - Pitching for Eau Claire Esquires : LHP Claudio Montalvo
Pitching: LHP Claudio Montalvo
Batting: RHB Richie Sawyer 0-0: Ball
1-0: Foul Ball, location: 2F
1-1: Swinging Strike
1-2: Ground out 5-3 (Groundball, 56S)
Batting: RHB John Hutchins 0-0: Ball
1-0: Ball
2-0: Fly out, F8 (Flyball, 8RM)
Batting: RHB Ben Wilson 0-0: SINGLE (Line Drive, 4MD)
Batting: RHB José Maldonado 0-0: Ball
1-0: SINGLE (Groundball, 6MD)
Ben Wilson to second
Runner from 2nd tries for 3rd, SAFE, throw made to third
Batting: RHB Andrew Weatherly 0-0: Called Strike
0-1: Ball
1-1: Reached on error, E5 (Groundball, 56)
Ben Wilson scores
José Maldonado to second
Batting: RHB Preston Manning 0-0: Called Strike
0-1: SINGLE (Groundball, 6MD)
José Maldonado to third
Andrew Weatherly to second
Runner from 3rd tries for Home, throw and OUT!
Bottom of the 1st over - 1 run, 3 hits, 1 error, 2 left on base; Eau Claire 6 - Jasper 1
TOP OF THE 2ND
Eau Claire Esquires batting - Pitching for Jasper Cougars : RHP Bret Hendricks
Batting: RHB Jason Smith 0-0: Ball
1-0: Fly out, F9 (Flyball, 9)
Batting: RHB Art Cornell 0-0: Called Strike
0-1: Ball
1-1: SINGLE (Line Drive, 89S)
Batting: RHB Gary Roberts 0-0: Ball
Art Cornell steals 2nd base
1-0: Called Strike
1-1: Ball
2-1: Ball
3-1: Foul Ball, location: 2F
3-2: Ground out 6-3 (Groundball, 6)
Batting: LHB Steve Arnold 0-0: Ball
1-0: Foul Ball, location: 2F
1-1: Ball
2-1: Ball
3-1: Swinging Strike
3-2: Foul Ball, location: 2F
3-2: Base on Balls
Batting: RHB Luis Cherena 0-0: Ball
1-0: Fielders Choice at 2nd, 5-4 (Groundball, 56)
Top of the 2nd over - 0 runs, 1 hit, 0 errors, 2 left on base; Eau Claire 6 - Jasper 1
BOTTOM OF THE 2ND
Jasper Cougars batting - Pitching for Eau Claire Esquires : LHP Claudio Montalvo
Batting: LHB John Miller 0-0: Foul Ball, location: 2F
0-1: Ball
1-1: Ball
2-1: Called Strike
2-2: Strikes out swinging
Batting: RHB Júlio González 0-0: Foul Ball, location: 2F
0-1: Swinging Strike
0-2: Ball
1-2: Strikes out looking
Batting: SHB Jerry Young 0-0: Swinging Strike
0-1: Ball
1-1: Foul Ball, location: 2F
1-2: Ball
2-2: Ball
3-2: Base on Balls
Batting: RHB Richie Sawyer 0-0: Ball
Throwing error on steal attempt, E2
Jerry Young to third
1-0: Ball
Steal of home, Jerry Young is safe
2-0: Foul Ball, location: 2F
2-1: Ground out U3 (Groundball, 3)
Bottom of the 2nd over - 1 run, 0 hits, 1 error, 0 left on base; Eau Claire 6 - Jasper 2
TOP OF THE 3RD
Eau Claire Esquires batting - Pitching for Jasper Cougars : RHP Bret Hendricks
Batting: RHB Jonathan Jackson 0-0: SINGLE (Groundball, 6MD)
Batting: RHB Vincente Ramírez 0-0: Reached on error, E1 (Groundball, 13)
Jonathan Jackson to second
Batting: RHB Matt Cole 0-0: Ball
1-0: Foul Ball, location: 2F
1-1: Foul Ball, location: 2F
1-2: Fly out, F6 (Line Drive, 6)
Batting: RHB Nick McIntyre 0-0: SINGLE (Flyball, 7LS)
Jonathan Jackson to third
Vincente Ramírez to second
Runner from 3rd tries for Home, SAFE, no throw
Batting: RHB Jason Smith 0-0: Ball
Nick McIntyre steals 2nd base
Vincente Ramírez to third
1-0: Foul Ball, location: 2F
1-1: Ball
2-1: Ball
3-1: Called Strike
3-2: Base on Balls
Pitching: LHP Alberto Guerra
Batting: RHB Art Cornell 0-0: Ball
1-0: Foul Ball, location: 2F
1-1: Called Strike
1-2: Fly out, F9 (Line Drive, 89M)
Runner from 3rd tags up, SCORES, no throw
Batting: RHB Gary Roberts 0-0: Ground out 1-3 (Groundball, 13S)
Top of the 3rd over - 2 runs, 2 hits, 1 error, 2 left on base; Eau Claire 8 - Jasper 2
BOTTOM OF THE 3RD
Jasper Cougars batting - Pitching for Eau Claire Esquires : LHP Claudio Montalvo
Batting: RHB John Hutchins 0-0: Ground out 5-3 (Groundball, 56)
Batting: RHB Ben Wilson 0-0: Called Strike
0-1: Hit by Pitch
Batting: RHB José Maldonado 0-0: Called Strike
0-1: Ball
1-1: Foul Ball, location: 2F
1-2: Ball
Ben Wilson steals 2nd base
2-2: SINGLE (Groundball, 6MD)
Ben Wilson to third
Runner from 3rd tries for Home, SAFE, no throw
Batting: RHB Andrew Weatherly 0-0: Called Strike
0-1: Fly out, F8 (Flyball, 8RM)
Batting: RHB Preston Manning 0-0: Ball
1-0: Ball
2-0: Ground out 4-3 (Groundball, 4)
Bottom of the 3rd over - 1 run, 1 hit, 0 errors, 1 left on base; Eau Claire 8 - Jasper 3
TOP OF THE 4TH
Eau Claire Esquires batting - Pitching for Jasper Cougars : LHP Alberto Guerra
Batting: LHB Steve Arnold 0-0: Swinging Strike
0-1: Ball
1-1: Swinging Strike
1-2: Fly out, F7 (Line Drive, 78M)
Batting: RHB Luis Cherena 0-0: Called Strike
0-1: Ball
1-1: SINGLE (Groundball, 6D)
Batting: RHB Jonathan Jackson 0-0: Ball
1-0: Called Strike
1-1: Swinging Strike
1-2: Strikes out swinging
Batting: RHB Vincente Ramírez 0-0: Ground out 4-3 (Groundball, 4)
Top of the 4th over - 0 runs, 1 hit, 0 errors, 1 left on base; Eau Claire 8 - Jasper 3
BOTTOM OF THE 4TH
Jasper Cougars batting - Pitching for Eau Claire Esquires : LHP Claudio Montalvo
Batting: LHB John Miller 0-0: Called Strike
0-1: Foul Ball, location: 2F
0-2: Foul Ball, location: 2F
0-2: Ball
1-2: Ball
2-2: Foul Ball, location: 2F
2-2: Fly out, F7 (Flyball, 7S)
Batting: RHB Júlio González 0-0: Called Strike
0-1: Ball
1-1: Ball
2-1: Ball
3-1: Foul Ball, location: 2F
3-2: Foul Ball, location: 2F
3-2: Base on Balls
Batting: SHB Jerry Young 0-0: Ball
1-0: Ball
2-0: Foul Ball, location: 2F
2-1: Ball
3-1: Base on Balls
Júlio González to second
Batting: RHB Richie Sawyer 0-0: Ball
1-0: Foul Ball, location: 2F
1-1: Called Strike
Júlio González steals 3rd base
Jerry Young to second
1-2: Ground out 6-3 (Groundball, 6)
Júlio González scores
Jerry Young to third
Batting: RHB John Hutchins 0-0: Foul Ball, location: 2F
0-1: Swinging Strike
0-2: Ball
1-2: DOUBLE (Flyball, 8RXD)
Jerry Young scores
Batting: RHB Ben Wilson 0-0: Called Strike
0-1: Fly out, F4 (Popup, 13S)
Bottom of the 4th over - 2 runs, 1 hit, 0 errors, 1 left on base; Eau Claire 8 - Jasper 5
TOP OF THE 5TH
Eau Claire Esquires batting - Pitching for Jasper Cougars : LHP Alberto Guerra
Batting: RHB Matt Cole 0-0: Called Strike
0-1: Ball
1-1: Swinging Strike
1-2: Strikes out looking
Batting: RHB Nick McIntyre 0-0: Called Strike
0-1: Called Strike
0-2: Foul Ball, location: 2F
0-2: Ball
1-2: Fly out, F2 (Popup, 23F)
Batting: RHB Jason Smith 0-0: Ball
1-0: Called Strike
1-1: Called Strike
1-2: Ball
2-2: Ball
3-2: Strikes out swinging
Top of the 5th over - 0 runs, 0 hits, 0 errors, 0 left on base; Eau Claire 8 - Jasper 5
BOTTOM OF THE 5TH
Jasper Cougars batting - Pitching for Eau Claire Esquires : LHP Claudio Montalvo
Batting: RHB José Maldonado 0-0: Foul Ball, location: 2F
0-1: Ball
1-1: Swinging Strike
1-2: SOLO HOME RUN (Flyball, 7D), Distance : 356 ft
Batting: RHB Andrew Weatherly 0-0: Called Strike
0-1: Swinging Strike
0-2: Ball
1-2: Ball
2-2: Ball
3-2: Foul Ball, location: 2F
3-2: Base on Balls
Pitching: RHP John Silva
Batting: RHB Preston Manning 0-0: Ball
1-0: SINGLE (Groundball, 6MD)
Andrew Weatherly to second
Runner from 2nd tries for 3rd, SAFE, no throw
Batting: LHB John Miller 0-0: Ball
1-0: Ball
2-0: Ball
3-0: Called Strike
3-1: Base on Balls
Preston Manning to second
Batting: RHB Júlio González 0-0: Ball
1-0: Swinging Strike
1-1: Ball
2-1: Swinging Strike
2-2: Strikes out swinging
Batting: SHB Jerry Young 0-0: SINGLE (Line Drive, 34D)
Andrew Weatherly scores
Preston Manning to third
John Miller to second
Batting: RHB Richie Sawyer 0-0: SINGLE (Groundball, 4D)
Preston Manning scores
John Miller to third
Jerry Young to second
Runner from 3rd tries for Home, SAFE, no throw
Batting: RHB John Hutchins 0-0: Called Strike
0-1: Called Strike
0-2: Strikes out swinging
Batting: RHB Ben Wilson 0-0: Called Strike
0-1: Fielders Choice at 2nd, 6-4 (Groundball, 6)
Bottom of the 5th over - 4 runs, 4 hits, 0 errors, 2 left on base; Eau Claire 8 - Jasper 9
TOP OF THE 6TH
Eau Claire Esquires batting - Pitching for Jasper Cougars : LHP Alberto Guerra
Batting: RHB Art Cornell 0-0: Ball
1-0: Ball
2-0: Ball
3-0: Base on Balls
Batting: RHB Gary Roberts 0-0: Ball
1-0: Ball
2-0: Ball
3-0: Base on Balls
Art Cornell to second
Batting: LHB Steve Arnold 0-0: Swinging Strike
0-1: Ball
1-1: Called Strike
1-2: Ball
2-2: Foul Ball, location: 2F
2-2: Foul Ball, location: 2F
2-2: Strikes out swinging
Batting: RHB Luis Cherena 0-0: Grounds into double play, 6-4-3 (Groundball, 6)
Top of the 6th over - 0 runs, 0 hits, 0 errors, 1 left on base; Eau Claire 8 - Jasper 9
BOTTOM OF THE 6TH
Jasper Cougars batting - Pitching for Eau Claire Esquires : RHP John Silva
Pitching: LHP Mike Barr
Batting: RHB José Maldonado 0-0: Ball
1-0: Ball
2-0: Ball
3-0: Swinging Strike
3-1: Base on Balls
Batting: RHB Andrew Weatherly 0-0: Ball
1-0: Ball
2-0: Foul Ball, location: 2F
2-1: Ball
3-1: Base on Balls
José Maldonado to second
Batting: RHB Preston Manning 0-0: DOUBLE (Line Drive, 3D)
José Maldonado scores
Andrew Weatherly to third
Batting: LHB John Miller 0-0: Ball
1-0: SINGLE (Groundball, 4MD)
Andrew Weatherly scores
Preston Manning to third
Pitching: RHP Clarence Holmes
Batting: RHB Júlio González 0-0: Called Strike
0-1: Swinging Strike
0-2: Ball
1-2: Strikes out swinging
Batting: SHB Jerry Young 0-0: Foul Ball, location: 2F
0-1: Ball
1-1: Swinging Strike
1-2: Foul Ball, location: 2F
1-2: Ball
2-2: Foul Ball, location: 2F
2-2: Ball
3-2: Fly out, F7 (Flyball, 78S)
Batting: RHB Richie Sawyer 0-0: Fly out, F9 (Flyball, 9LD)
Bottom of the 6th over - 2 runs, 2 hits, 0 errors, 2 left on base; Eau Claire 8 - Jasper 11
TOP OF THE 7TH
Eau Claire Esquires batting - Pitching for Jasper Cougars : LHP Alberto Guerra
Pitching: RHP Francisco Pagán
Batting: RHB Jonathan Jackson 0-0: Ball
1-0: Ball
2-0: Ball
3-0: Called Strike
3-1: Foul Ball, location: 2F
3-2: Ground out 4-3 (Groundball, 4M)
Batting: RHB Vincente Ramírez 0-0: Called Strike
0-1: Ground out U3 (Groundball, 34S)
Batting: RHB Matt Cole 0-0: Swinging Strike
0-1: Ground out 6-3 (Groundball, 6S)
Top of the 7th over - 0 runs, 0 hits, 0 errors, 0 left on base; Eau Claire 8 - Jasper 11
BOTTOM OF THE 7TH
Jasper Cougars batting - Pitching for Eau Claire Esquires : RHP Clarence Holmes
Batting: RHB John Hutchins 0-0: Ball
1-0: Ball
2-0: Ball
3-0: Base on Balls
Batting: RHB Ben Wilson 0-0: DOUBLE (Line Drive, 7LM)
John Hutchins to third
Runner from 3rd tries for Home, SAFE, no throw
Batting: RHB José Maldonado 0-0: Ball
1-0: Called Strike
1-1: Called Strike
1-2: Strikes out swinging
Batting: RHB Andrew Weatherly 0-0: Intentional Walk
Batting: RHB Preston Manning 0-0: Called Strike
0-1: Fly out, F8 (Flyball, 8RD)
Batting: LHB John Miller 0-0: Hit by Pitch
Ben Wilson to third
Andrew Weatherly to second
Batting: RHB Júlio González 0-0: Fly out, F8 (Line Drive, 8RM)
Bottom of the 7th over - 1 run, 1 hit, 0 errors, 3 left on base; Eau Claire 8 - Jasper 12
TOP OF THE 8TH
Eau Claire Esquires batting - Pitching for Jasper Cougars : RHP Francisco Pagán
Batting: RHB Nick McIntyre 0-0: Foul Ball, location: 2F
0-1: Ball
1-1: Foul Ball, location: 2F
1-2: Ball
2-2: Strikes out looking
Batting: RHB Jason Smith 0-0: Foul Ball, location: 2F
0-1: Ball
1-1: Called Strike
1-2: Ball
2-2: Strikes out looking
Batting: RHB Art Cornell 0-0: Called Strike
0-1: Ball
1-1: Ball
2-1: Ground out 1-3 (Groundball, 13)
Top of the 8th over - 0 runs, 0 hits, 0 errors, 0 left on base; Eau Claire 8 - Jasper 12
BOTTOM OF THE 8TH
Jasper Cougars batting - Pitching for Eau Claire Esquires : RHP Clarence Holmes
Batting: SHB Jerry Young 0-0: Ground out 6-3 (Groundball, 6M)
Batting: RHB Richie Sawyer 0-0: Called Strike
0-1: Foul Ball, location: 2F
0-2: Foul Ball, location: 2F
0-2: Strikes out swinging
Batting: RHB John Hutchins 0-0: Called Strike
0-1: Ball
1-1: Ball
2-1: Foul Ball, location: 2F
2-2: DOUBLE (Line Drive, 8LXD)
Batting: RHB Ben Wilson 0-0: Foul Ball, location: 2F
0-1: Ball
1-1: Called Strike
1-2: Ball
2-2: Foul Ball, location: 2F
2-2: Ball
3-2: Strikes out swinging
Bottom of the 8th over - 0 runs, 1 hit, 0 errors, 1 left on base; Eau Claire 8 - Jasper 12
TOP OF THE 9TH
Eau Claire Esquires batting - Pitching for Jasper Cougars : RHP Francisco Pagán
Batting: RHB Gary Roberts 0-0: Called Strike
0-1: Fly out, F4 (Line Drive, 6MD)
Batting: LHB Steve Arnold 0-0: Ball
1-0: Ball
2-0: Ball
3-0: Base on Balls
Batting: RHB Luis Cherena 0-0: Ball
1-0: Fielders Choice at 2nd, 5-4 (Groundball, 5)
Batting: RHB Jonathan Jackson 0-0: SINGLE (Line Drive, 56)
Luis Cherena to second
Pitching: RHP Gilberto Cuevas
Batting: RHB Vincente Ramírez 0-0: Foul Ball, location: 2F
0-1: Ball
1-1: Ground out 4-3 (Groundball, 34)
Top of the 9th over - 0 runs, 1 hit, 0 errors, 2 left on base; Eau Claire 8 - Jasper 12
Saturday, December 16th, 2017 - OOTP Baseball 18.8 Build 76